 Dungeon Crawl Stone Soup version 0.29.1-12-g30fa7ad0bf (webtiles) character file.

Game seed: 16887997611930422512

212 wormed the Slasher (level 5, -1/45 HPs)
             Began as a Demigod Gladiator on Dec 28, 2022.
             Slain by Crazy Yiuf
             ... wielding a +4 quarterstaff of chaos
              (13 damage)
             ... on level 2 of the Dungeon.
             The game lasted 00:04:17 (3741 turns).

wormed the Slasher (Demigod Gladiator)              Turns: 3741, Time: 00:04:18

Health: -1/45      AC:  5    Str: 15    XL:     5   Next: 31%
Magic:  7/7        EV: 13    Int: 10    God:
Gold:   169        SH:  0    Dex: 19    Spells: 4/4 levels left

rFire   . . .      SeeInvis .   a - +0 long sword
rCold   . . .      Faith    .   (no shield)
rNeg    . . .      Spirit   .   b - +0 leather armour
rPois   .          Reflect  .   c - +0 helmet
rElec   .          Harm     .   (no cloak)
rCorr   .          Rampage  .   x - +0 pair of gloves
Will    .....                   (no boots)
Stlth   +.........              (no amulet)
HPRegen 0.15/turn               (no ring)
MPRegen 0.10/turn               (no ring)

@: lethally poisoned (-1 -> -7)
A: high MP 1, forlorn, divine attributes
a: no special abilities


You were on level 2 of the Dungeon.
You visited 1 branch of the dungeon, and saw 3 of its levels.

You collected 169 gold pieces.

Inventory:

Hand Weapons
 a - a +0 long sword (weapon)
Missiles
 d - 3 throwing nets
 e - a javelin
 v - 6 poisoned darts (quivered)
Armour
 b - a +0 leather armour (worn)
 c - a +0 helmet (worn)
 x - a +0 pair of gloves (worn)
Scrolls
 i - a scroll of blinking {unknown}
 k - 2 scrolls of teleportation {unknown}
 l - 2 scrolls of identify {unknown}
 o - 3 scrolls of noise {unknown}
 p - a scroll of immolation {unknown}
 r - a scroll of enchant armour {unknown}
 u - a scroll of poison {unknown}
Potions
 f - 3 potions of brilliance {unknown}
 g - a potion of flight {unknown}
 h - 2 potions of haste {unknown}
 j - 2 potions of mutation {unknown}
 m - 2 potions of degeneration {unknown}
 n - a potion of curing {unknown}
 q - a potion of heal wounds {unknown}
 s - a potion of might {unknown}
 t - a potion of lignification {unknown}
 w - a potion of resistance


   Skills:
 + Level 3.2 Fighting
 * Level 4.8 Long Blades
 - Level 2.0 Throwing
 - Level 3.0 Dodging


You had 4 spell levels left.
You didn't know any spells.
Your spell library contained the following spells:

 Spells                   Type           Power      Damage    Failure   Level
 Ozocubu's Armour         Ice            0%         N/A       80%         3
 Metabolic Englaciation   Hex/Ice        0%         N/A       100%        5
 Simulacrum               Ice/Necr       0%         N/A       100%        6


Dungeon Overview and Level Annotations

Branches:
Dungeon (3/15)

Annotations:
D:2 Crazy Yiuf


Innate Abilities, Weirdness & Mutations

You have an increased reservoir of magic. (+10% MP)
You shall have no god before yourself.
Your divine heritage dramatically boosts your attributes as you level up.


Message History

There is an open door here.
Done exploring.
Done exploring.
Done exploring.
Search for what [Enter for "."]? .
You see here a +0 pair of gloves.
You start putting on your armour.
You continue putting on your +0 pair of gloves. x4
You finish putting on your +0 pair of gloves.
Search for what [Enter for "."]?
There is an escape hatch in the ceiling here.
A mysterious force pulls you upwards. The hatch slams shut behind you.
Level annotation: 1 runed translucent door, Crazy Yiuf Search for what [Enter for "."]? .
You see here a +0 hammer.
You see here a +0 hammer.
You see here a +0 hammer.
You see here a +0 hammer.
You see here a +0 hammer.
As you open the door, it creaks loudly!
Crazy Yiuf shouts!
Crazy Yiuf grits, "Iron green green!"
You hit Crazy Yiuf.
Crazy Yiuf is moderately wounded.
Crazy Yiuf hits you with a +4 quarterstaff of chaos!
You are poisoned.
You barely miss Crazy Yiuf.
Crazy Yiuf is moderately wounded.
You feel very sick. Crazy Yiuf closely misses you.
Crazy Yiuf hits you with a +4 quarterstaff of chaos!
You barely miss Crazy Yiuf.
Crazy Yiuf is moderately wounded.
You feel very sick. Crazy Yiuf closely misses you.
You completely miss Crazy Yiuf.
Crazy Yiuf is moderately wounded.
You feel sick.
Crazy Yiuf screams, "Flower ladder disdain!"
Crazy Yiuf hits you with a +4 quarterstaff of chaos!
You die...

#.####....#
#.# #....#
#.# ♣....♣
#.# ♣♣..)♣
#.# ♣♣)♣♣
#.# ♣♣)♣ #.#
♣)♣♣ #.#
♣♣)♣
##########.#
♣@♣♣
...........#
#g#
##########.#
))) #.#
#)))# #.#
#).)# #.#
##### #.#
#.# #.#


You could see Crazy Yiuf.

Vanquished Creatures
  An ogre (D:3)
  An orc priest (D:3)
  2 adders
  A worm (D:3)
  4 dart slugs
  4 orcs
  6 endoplasms
  A giant cockroach (D:2)
  4 hobgoblins
  4 quokkas
  6 ball pythons
  8 bats
  4 frilled lizards
  5 goblins
  6 kobolds
  9 rats
66 creatures vanquished.

Notes
Turn   | Place    | Note
-------+----------+-------------------------------------------
     0 | D:1      | wormed the Demigod Gladiator began the quest for the Orb.
     0 | D:1      | Reached XP level 1. HP: 17/17 MP: 3/3
   274 | D:1      | Reached XP level 2. HP: 24/24 MP: 4/4
   287 | D:1      | Reached skill level 3 in Long Blades
  1193 | D:2      | Reached XP level 3. HP: 20/29 MP: 5/5
  1884 | D:2      | Found a runed translucent door.
  1885 | D:2      | Noticed Crazy Yiuf
  2627 | D:3      | Reached XP level 4. HP: 37/37 MP: 6/6
  2725 | D:3      | Noticed an ogre
  2793 | D:3      | Reached skill level 4 in Long Blades
  3497 | D:3      | Killed an ogre
  3498 | D:3      | Reached XP level 5. HP: 45/45 MP: 7/7
  3741 | D:2      | Slain by Crazy Yiuf

Illustrated notes

Levels and vault maps discovered:
D:1:      dpeg_arrival_stonehenge_12_columns, layout_loops_ring
D:2:      layout_loops_ring, nicolae_ecumenical_pavilion,
          uniq_crazy_yiuf_cottage
D:3:      layout_basic, nicolae_overflow_hidden_temple,
          kennysheep_generic_room_6

Skill      XL: |  1  2  3  4 |
---------------+-------------+-----
Throwing       | 2 |  2.0
Fighting       | 2 3 |  3.2
Long Blades    | 3 4 |  4.8
Dodging        | 3 |  3.0

Action                   |  1- 3 |  4- 6 || total
-------------------------+-------+-------++-------
Melee: Long sword        |   140 |    39 ||   179
       Punch             |     1 |       ||     1
Throw: Dart              |       |     7 ||     7
 Stab: Sleeping          |     4 |       ||     4
Armor: Leather armour    |    40 |     4 ||    44
Dodge: Dodged            |   116 |    31 ||   147
